 Dungeon Crawl Stone Soup version 0.16-a0-3308-g116f5c4 (webtiles) character file.

98 BluebellGnoll the Sneak (level 4, 0/21 HPs)
             Began as a Spriggan Enchanter on Dec 26, 2014.
             Slain by runewalsh's ghost (8 damage)
             ... on level 3 of the Dungeon.
             The game lasted 00:05:36 (2257 turns).

BluebellGnoll the Sneak (Spriggan Enchanter)        Turns: 2257, Time: 00:05:37

Health: 0/21       AC:  3    Str:  4    XL:     4   Next: 43%
Magic:  12/13      EV: 18    Int: 17    God:
Gold:   97         SH:  0    Dex: 16    Spells: 4 memorised, 1 level left

rFire  . . .     SeeInvis +     a - +1 dagger
rCold  . . .     Clarity  .     b - +1 robe
rNeg   + . .     SustAb   .     (shield restricted)
rPois  .         Gourm    .     (helmet restricted)
rElec  .         Spirit   .     (no cloak)
rCorr  .         Warding  .     (gloves unavailable)
rMut   .         Stasis   .     (boots unavailable)
MR     .....                    (no amulet)
Stlth  ++++......               (no ring)
                                k - ring of positive energy

@: flying, very quick, not resistant to hostile enchantments, stealthy
A: unfitting armour, see invisible, herbivore 3, speed 3, slow metabolism 2
a: no special abilities


You were on level 3 of the Dungeon.
You were not hungry.

You visited 1 branch of the dungeon, and saw 3 of its levels.

You collected 97 gold pieces.

Inventory:

Hand weapons
 a - a +1 dagger (weapon)
Armour
 b - a +1 robe (worn)
Jewellery
 k - a ring of positive energy (left hand)
Scrolls
 f - 3 scrolls of identify {unknown}
 g - a scroll of amnesia {unknown}
 i - 4 scrolls of remove curse {unknown}
 j - a scroll of magic mapping {unknown}
Books
 c - a book of Maledictions

   Spells                             Type                      Level
   a - Corona                         Hexes                        1
   b - Sure Blade                     Hexes/Charms                 2
   c - Ensorcelled Hibernation        Hexes/Ice                    2
   d - Confuse                        Hexes                        3
   e - Dazzling Spray                 Conjuration/Hexes            3
   f - Enslavement                    Hexes                        4
Comestibles
 d - a bread ration
 l - a slice of pizza


   Skills:
 - Level 1.1 Short Blades
 - Level 3.0 Dodging
 - Level 7.6 Stealth
 * Level 3.0 Spellcasting
 + Level 3.9 Hexes


You had one spell level left.
You knew the following spells:

 Your Spells              Type           Power        Failure   Level  Hunger
a - Corona                Hex            ###....      3%          1    None
b - Ensorcelled Hibernat  Hex/Ice        #.....       14%         2    ##.....
c - Confuse               Hex            ###.....     12%         3    ###....
d - Sure Blade            Hex/Chrm       #.........   14%         2    ##.....


Dungeon Overview and Level Annotations

Branches:
Dungeon (3/15)

Altars:
Ashenzari
Kikubaaqudgha
Nemelex Xobeh
Okawaru

Annotations:
D:2 dig
D:3 runewalsh's ghost, average OpIE


Innate Abilities, Weirdness & Mutations

You are tiny and cannot use many weapons and most armour.
You have supernaturally acute eyesight.
You are a herbivore.
You cover ground extremely quickly.
You need consume almost no food.


Message History

You feel sick.
You hit runewalsh's ghost.
Runewalsh's ghost is severely damaged.
* * * LOW HITPOINT WARNING * * *
You feel sick.
Drink which item? (? for menu, Esc to quit)
It was a potion of flight.
You feel very buoyant.
You fly up into the air.
* * * LOW HITPOINT WARNING * * *
You feel sick.
Drink which item? (? for menu, Esc to quit)
It was a potion of curing.
You feel better.
You barely miss runewalsh's ghost.
Runewalsh's ghost is severely damaged.
Runewalsh's ghost seems less confused.
Runewalsh's ghost closely misses you.
You hit runewalsh's ghost.
Runewalsh's ghost is severely damaged.
Runewalsh's ghost hits you!
You die...

#.# ##'## ##...##
##...%.## ## ##.......##
#.#...####.P###....###...
.........'##..##...'.....
#.#...###.#.P._#.W.###...
... #.#..P.#@.## .
#.'.⌠._#.## ###.P..#.#
#..._#.# ##).##.#
#P.###.#########
##.#............
..###.....#########
............#


You could see runewalsh's ghost.

Vanquished Creatures
  A gnoll (D:3)
  A giant mite (D:3)
  2 adders
  An orc (D:3)
  10 bats
  A giant cockroach (D:1)
  3 hobgoblins
  12 jackals
  7 kobolds
  2 ball pythons (D:1)
  A giant gecko (D:1)
  2 giant newts (D:1)
  8 goblins
  7 rats
58 creatures vanquished.

Notes
Turn   | Place    | Note
--------------------------------------------------------------
     0 | D:1      | BluebellGnoll, the Spriggan Enchanter, began the quest for the Orb.
     0 | D:1      | Reached XP level 1. HP: 9/9 MP: 4/4
   111 | D:1      | Reached skill level 5 in Stealth
   297 | D:1      | Reached XP level 2. HP: 11/13 MP: 7/7
   301 | D:1      | Learned a level 2 spell: Ensorcelled Hibernation
   604 | D:1      | Reached skill level 6 in Stealth
  1048 | D:2      | Reached XP level 3. HP: 16/16 MP: 9/9
  1053 | D:2      | Learned a level 3 spell: Confuse
  1253 | D:2      | Reached skill level 7 in Stealth
  1481 | D:3      | Found a shattered altar of Ashenzari.
  1904 | D:3      | Reached XP level 4. HP: 13/21 MP: 12/12
  1908 | D:3      | Learned a level 2 spell: Sure Blade
  2116 | D:3      | Found an iron altar of Okawaru.
  2116 | D:3      | Found an ancient bone altar of Kikubaaqudgha.
  2116 | D:3      | Found a sparkling altar of Nemelex Xobeh.
  2238 | D:3      | Noticed runewalsh's ghost (average OpIE)
  2257 | D:3      | Slain by runewalsh's ghost

Action                   |  1- 3 |  4- 6 || total
-------------------------+-------+-------++-------
Melee: Dagger            |   173 |    50 ||   223
 Cast: Corona            |     7 |     1 ||     8
       Ensorcelled Hiber |     3 |     2 ||     5
       Confuse           |     1 |     2 ||     3
  Use: Potion            |       |     2 ||     2
 Stab: Sleeping          |    13 |     1 ||    14
       Confused          |       |     1 ||     1
